Cogmind - Beta 16 *** ADVENTURER MODE // 2025.12.26 @ 21:34:59 Player: SuDmit Result: Destroyed self with Mini Grenade Launcher Performance ------------- Evolutions (1) 500 Regions Visited (4) 800 Robots Destroyed (57) 285 Value Destroyed (1475) 1475 Prototype IDs (9) 180 Alien Tech Used (0) 0 Bonus (-7) -7 TOTAL SCORE: 3233 Bonus ------- High Alert Combat Kills 30 Friendly Fire -37 Cogmind --------- Core Integrity 0/400 Matter 275/300 Energy 265/265 System Corruption 5% Temperature Cool (0) Movement Flying (115) Ox1 Location -9/Mines Parts ------- > --- POWER (2) -------- Improved Ion Engine > --- PROPULSION (2) --- VTOL Module > --- UTILITY (2) ------ Signal Interpreter Hacking Suite > --- WEAPON (3) ------- Mini Grenade Launcher > --- INVENTORY (5) ---- Structural Scanner Light Armor Plating Hacking Suite Hacking Suite Improved Medium Laser Peak State ------------ > --- POWER ------------ Cooled Ion Engine > --- PROPULSION ------- Improved Hover Unit Improved Hover Unit > --- UTILITY ---------- Signal Interpreter Hacking Suite > --- WEAPON ----------- EM Shotgun Light EM Pulse Cannon Mini Grenade Launcher > --- INVENTORY -------- Hover Unit Structural Scanner Terrain Scanner Light Armor Plating Datajack [Rating: 17] Favorites ----------- Power Cooled Ion Engine Engine Cooled Ion Engine Propulsion Aluminum Leg Leg Aluminum Leg Hover Unit Improved Hover Unit Flight Unit VTOL Module Utility Signal Interpreter Device Structural Scanner Processor Signal Interpreter Hackware Hacking Suite Weapon Light EM Pulse Cannon Energy Gun Small Laser Energy Cannon Light EM Pulse Cannon Ballistic Gun Light Assault Rifle Launcher Mini Grenade Launcher Build | -11 -10 -10 -9 -9 ------- Run | Yrd Mat Min Mat Min Slots Evolved 2 | . . . 2 . Power 1 | . . . 1 . Propulsion . | . . . . . Utility . | . . . . . Weapon 1 | . . . 1 . Parts Attached 40 | 5 12 2 21 . Power 7 | 1 3 . 3 . Engine 7 | 1 3 . 3 . Core . | . . . . . Reactor . | . . . . . Propulsion 18 | 2 4 1 11 . Treads . | . . . . . Leg 10 | 2 2 1 5 . Wheel . | . . . . . Hover 3 | . . . 3 . Flight 5 | . 2 . 3 . Utility 4 | . 3 . 1 . Device 1 | . 1 . . . Storage . | . . . . . Processor 2 | . 2 . . . Hackware 1 | . . . 1 . Protection . | . . . . . Artifact . | . . . . . Weapon 11 | 2 2 1 6 . Energy Gun 5 | . . . 5 . Energy Cannon 2 | . 2 . . . Ballistic Gun 2 | 2 . . . . Ballistic Cannon . | . . . . . Launcher 2 | . . 1 1 . Special Weapon . | . . . . . Impact Weapon . | . . . . . Slashing Weapon . | . . . . . Piercing Weapon . | . . . . . Special Melee Weapon . | . . . . . Unidentified Prototypes 1 | . 1 . . . Corrupted Parts 2 | . . . 2 . System Corruption 4 | . . . 4 . Parts Lost 16 | . . 3 12 1 Power 3 | . . . 3 . Propulsion 5 | . . 1 3 1 Utility . | . . . . . Weapon 8 | . . 2 6 . Highest Loss Streak 6 | . . 3 6 1 To Critical Strikes . | . . . . . Average Backups 4 | . 4 4 4 5 Power . | . . . . . Propulsion . | . . . . . Utility 2 | . 2 3 3 4 Weapon . | . . . . 1 Tool/Special . | . . . . . Unused Backups 6 | . . . 2 4 Power . | . . . . . Propulsion . | . . . . . Utility 4 | . . . 1 3 Weapon 1 | . . . . 1 Tool/Special 1 | . . . 1 . Average Slot Usage (%) 85 | . 97 87 71 66 Engine 12 | . 14 14 10 11 Leg 16 | . 24 21 4 . Hover 3 | . . . 9 . Flight 3 | . 3 . 4 22 Device 1 | . 2 . . . Processor 20 | . 23 28 12 11 Hackware 3 | . . . 9 11 Energy Gun 3 | . . . 8 . Energy Cannon 14 | . 20 17 5 . Ballistic Gun 3 | . 7 . . . Launcher 3 | . . 4 7 11 Peak Build Rating 17 | 5 11 12 17 13 Average Rating 10 | 3 9 10 12 11 On Entrance 7 | . 5 11 10 13 Avg Prop Armor Cover (%) 4 | . . . 4 . Naked Turns . | . . . . . Heaviest Build 16 | 7 16 16 15 . Greatest Support 25 | 20 20 25 24 . Greatest Overweight (x) 4 | 2 1 . 4 . Average Overweight (x) . | . . . . . Largest Inventory Capacity 5 | 5 5 5 5 5 Average Capacity 5 | 5 5 5 5 5 Most Carried 5 | . 5 5 5 5 Average Carried 4 | . 4 4 4 5 Final Capacity 5 | 5 5 5 5 5 Final Carried 5 | . 5 4 5 5 Class Distribution -------------------- 64% | Mutant 19% | Hacker-Mutant 5% | Hacker-Sprinter 4% | Scavenger-Gunner 3% | Scavenger-Mutant Dominant Class ---------------- Mutant | -10/Materials Mutant | -10/Mines Hacker-Mutant | -9/Materials Hacker-Mutant | -9/Mines Resources | -11 -10 -10 -9 -9 ----------- Run | Yrd Mat Min Mat Min Matter Collected 884 | 166 260 121 337 . Remotely . | . . . . . Salvage Created 1774 | . 588 60 1109 17 Parts 106 | . 34 1 67 4 Haulers Intercepted 3 | . 2 . 1 . Recyclers Shooed 1 | . . . 1 . Parts Field Recycled . | . . . . . Retrieved Matter . | . . . . . Parts Self-Destructed . | . . . . . Prevented . | . . . . . Parts Restored . | . . . . . Kills | -11 -10 -10 -9 -9 ------- Run | Yrd Mat Min Mat Min Combat Hostiles Destroyed 45 | . 10 4 28 3 Guns 16 | . 5 . 11 . Cannons 15 | . 5 4 6 . AOE 13 | . . . 10 3 Classes Destroyed 12 | . 6 2 4 . Worker 1 | . . . 1 . Builder 4 | . 1 1 2 . Tunneler 1 | . 1 . . . Hauler 3 | . 2 . 1 . Operator 1 | . . . 1 . Watcher 4 | . 2 . 2 . Swarmer 12 | . 3 . 6 3 Grunt 21 | . 7 . 14 . Duelist 1 | . . . 1 . Sentry 7 | . . . 7 . Demolisher 2 | . . 2 . . Assembled 2 | . . 2 . . Best Kill Streak 7 | . 4 2 7 3 Combat Bots Only 6 | . 3 1 6 3 Max Kills in Single Turn 3 | . 2 1 3 1 Gunslinging . | . . . . . Exploded 2 | . . . 2 1 Melee . | . . . . . Uniques/NPCs Destroyed . | . . . . . Combat | -11 -10 -10 -9 -9 -------- Run | Yrd Mat Min Mat Min Hostile Shots Fired 209 | . 24 24 151 10 Missed 72 | . 8 6 55 3 Hits 137 | . 16 18 96 7 Projectile 137 | . 16 18 96 7 AOE 12 | . . 12 . . Critical Strikes 5 | . . . 5 . Part Disruptions 1 | . . . 1 . Damage Taken 1758 | . 147 453 1029 129 Core 581 | . 39 122 346 74 Absorbed by Shields . | . . . . . Ignored by Resistances 509 | . 44 122 306 37 Core Remaining (%) 67 | 100 . 35 . . Volleys Fired 123 | . 27 19 73 4 Largest 2 | . 2 2 2 1 Hottest 112 | . 112 112 101 30 Shots Fired 189 | . 54 31 101 3 Gun 89 | . 36 . 53 . Cannon 70 | . 18 20 32 . Launcher 30 | . . 11 16 3 Special . | . . . . . Kinetic 36 | . 36 . . . Thermal 28 | . . . 28 . Explosive 30 | . . 11 16 3 Electromagnetic 95 | . 18 20 57 . Robot Hit Streak 53 | . 30 11 53 2 Robot Miss Streak 4 | . 2 4 2 2 Penetration Max . | . . . . . Secondary Targets 4 | . 1 . 3 . Max Gunslinging Chain 1 | . 1 . 1 . Shots Hit Robots 157 | . 44 23 88 2 Core Hits 104 | . 23 19 59 3 Critical Kills . | . . . . . Critical Parts Destroyed . | . . . . . Critical Strikes . | . . . . . Melee Attacks . | . . . . . Impact . | . . . . . Slashing . | . . . . . Piercing . | . . . . . Sneak Attacks . | . . . . . Combat Hostiles . | . . . . . Follow-up Attacks . | . . . . . Damage Inflicted 3934 | . 679 485 2509 261 Guns 962 | . 285 . 677 . Cannons 1213 | . 318 283 612 . Explosions 1748 | . 76 197 1214 261 Melee . | . . . . . Ramming 11 | . . 5 6 . Kinetic 285 | . 285 . . . Thermal 609 | . 76 . 533 . Explosive 1428 | . . 197 970 261 Electromagnetic 1601 | . 318 283 1000 . Impact . | . . . . . Slashing . | . . . . . Piercing . | . . . . . Highest Corruption 5 | . 1 1 5 5 Average Corruption 2 | . 1 1 3 5 Corruption Purged . | . . . . . Corruption Blocked . | . . . . . Effects 12 | . . 2 9 1 Message Errors 3 | . . 1 2 . Matter Fused 2 | . . 1 1 . Heat Flow Errors 1 | . . . 1 . Data Loss (minor) 1 | . . . 1 . Data Loss (major) 1 | . . . 1 . Misfires 1 | . . . 1 . Alerts 1 | . . . 1 . Weapon Failures 2 | . . . 1 1 Overload Shots . | . . . . . Overflow Damage 110 | . 6 10 76 18 Projectiles 2 | . . . 2 . Explosions 108 | . 6 10 74 18 Melee . | . . . . . Knockbacks . | . . . . . Impact . | . . . . . Kinetic . | . . . . . Secondary . | . . . . . Self-Inflicted Damage 193 | . 28 23 55 87 Shots 7 | . 1 1 2 3 Rammed 1 | . . . 1 . Targets Rammed 6 | . 1 4 1 . Kicked 5 | . 1 4 . . Crushed . | . . . . . Highest Temperature 214 | . 90 153 214 . Average Temperature 51 | . 23 66 56 . Received Heat Transfer 643 | . 57 40 546 . Siege Activations . | . . . . . Martial Activations . | . . . . . Shielding Activations . | . . . . . Robots Disrupted 1 | . 1 . . . Combat Hostiles 1 | . 1 . . . Robots Corrupted 1 | . . . 1 . Combat Hostiles 1 | . . . 1 . Parts Fried 5 | . . . 5 . Impact Corruptions . | . . . . . Robots Melted . | . . . . . Combat Hostiles . | . . . . . Parts Melted 1 | . . . 1 . Heat Transferred 1200 | . 100 . 1100 . Parts Sabotaged . | . . . . . Parts Stolen . | . . . . . Parts Stripped . | . . . . . Power Chain Reactions 5 | . 1 . 4 . Alert | -11 -10 -10 -9 -9 ------- Run | Yrd Mat Min Mat Min Maximum Alert Level 2 | . . . 2 . Low Security (%) 79 | 100 100 100 43 100 Level 1 15 | . . . 41 . Level 2 5 | . . . 14 . Level 3 . | . . . . . Level 4 . | . . . . . Level 5 . | . . . . . High Security . | . . . . . Max Security . | . . . . . Peak Influence 469 | . 101 50 469 169 Initial 116 | . . 6 . 116 Average 102 | . 35 7 234 161 Influence Increases 1465 | . 372 67 943 83 Destroy 0b10 Robot/C 860 | . 200 40 560 60 Destroy 0b10 Robot/NC 70 | . 30 5 35 . Destroy Leader 224 | . 58 10 156 . Successful Hack 32 | . 14 . 18 . Select Force Hacks 90 | . 60 . 30 . Disable Machine 18 | . 9 . 9 . Destroy Structure 141 | . 1 12 105 23 Lose Combat Pursuer 30 | . . . 30 . Influence Decreases 1276 | . 351 88 590 247 Entered New Map 252 | . . 15 . 237 Time Decay 646 | . 280 46 320 . Lost Part 157 | . . 27 120 10 Purge Threat 221 | . 71 . 150 . Squads Dispatched 11 | . 2 . 9 . Investigation 8 | . 2 . 6 . Extermination . | . . . . . Reinforcement 3 | . . . 3 . Assault . | . . . . . Garrison . | . . . . . Intercept . | . . . . . Searches Triggered . | . . . . . Construction Impeded . | . . . . . Haulers Reinforced . | . . . . . Active Scanning Responses . | . . . . . Cargo Convoy Interrupts . | . . . . . Stealth | -11 -10 -10 -9 -9 --------- Run | Yrd Mat Min Mat Min Distress Signals 3 | . . . 3 . Communications Jammed . | . . . . . Distress Signals . | . . . . . Times Spotted 66 | . 16 4 43 3 Peak Tracking Total 8 | . 4 2 8 3 Tactical Retreats 2 | . . 1 1 . Traps | -11 -10 -10 -9 -9 ------- Run | Yrd Mat Min Mat Min Traps Triggered 5 | . 4 . 1 . Indirectly . | . . . . . Trap Hack Attempts . | . . . . . Triggered . | . . . . . Disarmed . | . . . . . Reprogrammed . | . . . . . Reused . | . . . . . Traps Extracted . | . . . . . Installed . | . . . . . Triggered . | . . . . . Machines | -11 -10 -10 -9 -9 ---------- Run | Yrd Mat Min Mat Min Machines Disabled 2 | . 1 . 1 . Max in Single Turn 1 | . 1 . 1 . Machines Repaired . | . . . . . Machines Dismantled . | . . . . . Machines Sabotaged . | . . . . . Overloaded Fab Kills . | . . . . . Hacking | -11 -10 -10 -9 -9 --------- Run | Yrd Mat Min Mat Min Machines Accessed 17 | . 8 . 9 . Terminals 12 | . 6 . 6 . Fabricators . | . . . . . Repair Stations . | . . . . . Recycling Units 3 | . 2 . 1 . Scanalyzers 2 | . . . 2 . Garrison Access . | . . . . . Total Hacks 69 | . 34 . 35 . Successful 44 | . 20 . 24 . Failed 25 | . 14 . 11 . Catastrophic 3 | . 2 . 1 . Database Lockouts . | . . . . . Manual 47 | . 28 . 19 . Terminals 59 | . 32 . 27 . Fabricators . | . . . . . Repair Stations . | . . . . . Recycling Units 3 | . 2 . 1 . Scanalyzers 7 | . . . 7 . Garrison Access . | . . . . . Terminal Hacks 18 | . 10 . 8 . Robot Analysis 3 | . 2 . 1 . Prototype ID Bank 6 | . 3 . 3 . Level Access Points 1 | . 1 . . . Branch Access Points 1 | . 1 . . . Terminal Index 2 | . 1 . 1 . Recycling Unit Index 1 | . 1 . . . Scanalyzer Index 1 | . . . 1 . Unreport Threat 2 | . 1 . 1 . Zone Layout 1 | . . . 1 . Fabricator Hacks . | . . . . . Repair Station Hacks . | . . . . . Recycling Unit Hacks . | . . . . . Scanalyzer 7 | . . . 7 . Insert Component 1 | . . . 1 . Analyze 1 | . . . 1 . Retrieve Study 5 | . . . 5 . Garrison Access Hacks . | . . . . . Unauthorized Hacks 19 | . 10 . 9 . Terminals 16 | . 8 . 8 . Botnet 12 | . 6 . 6 . Disrupt 1 | . 1 . . . Operators 2 | . 1 . 1 . Search 1 | . . . 1 . Fabricators . | . . . . . Repair Stations . | . . . . . Recycling Units 3 | . 2 . 1 . Tunnel 3 | . 2 . 1 . Scanalyzers . | . . . . . Garrison Access . | . . . . . Data Cores Recovered 1 | . . . 1 . Used . | . . . . . Hacking Detections 12 | . 6 . 6 . Full Trace Events 6 | . 2 . 4 . Feedback Events . | . . . . . Feedback Blocked . | . . . . . Robot Schematics Acquired . | . . . . . Robots Built . | . . . . . Authchips . | . . . . . Time . | . . . . . Total Robot Build Rating . | . . . . . Part Schematics Acquired 1 | . . . 1 . Parts Built . | . . . . . Authchips . | . . . . . Time . | . . . . . Total Part Build Rating . | . . . . . Part Studies Acquired 4 | . . . 4 . Parts Repaired . | . . . . . Time . | . . . . . Parts Recycled . | . . . . . Recycled Matter . | . . . . . Retrieved Matter . | . . . . . Retrieved Components . | . . . . . Parts Scanalyzed 1 | . . . 1 . Part Schematics Acquired 1 | . . . 1 . Parts Damaged . | . . . . . Bothacking | -11 -10 -10 -9 -9 ------------ Run | Yrd Mat Min Mat Min Used RIF Installer . | . . . . . Robots Hacked . | . . . . . Non-combat . | . . . . . Combat . | . . . . . Robot Hacks Applied . | . . . . . Relay Couplers Released . | . . . . . Fabnet Peak Effective % . | . . . . . Robots Rewired . | . . . . . Allies Hacked . | . . . . . Hacks Repelled . | . . . . . Allies | -11 -10 -10 -9 -9 -------- Run | Yrd Mat Min Mat Min Total Allies . | . . . . . Largest Group . | . . . . . Highest-Rated Group . | . . . . . Highest-Rated Ally . | . . . . . Total Orders . | . . . . . Ally Attacks . | . . . . . Total Damage . | . . . . . Kills . | . . . . . Allies Corrupted . | . . . . . Allies Melted . | . . . . . Intel | -11 -10 -10 -9 -9 ------- Run | Yrd Mat Min Mat Min Active Infowar (turns) 1183 | . 766 321 96 . Structural 134 | . 134 . . . T.N.C. 1049 | . 632 321 96 . Robot Analysis Total 3 | . 2 . 1 . Derelict Logs Recovered 1 | . . 1 . . Drone Launches . | . . . . . Drone Recoveries . | . . . . . Exploration | -11 -10 -10 -9 -9 ------------- Run | Yrd Mat Min Mat Min Turns Passed 1826 | 51 777 321 671 6 Spaces Moved 1434 | 40 534 202 658 . Core 29 | 19 . . 10 . Treads . | . . . . . Legs 808 | 21 480 202 105 . Wheels . | . . . . . Hover 283 | . . . 283 . Flight 314 | . 54 . 260 . Fastest Speed 32 | 50 37 120 32 . Average Speed 92 | 109 113 120 65 . Slowest Speed 275 | 150 190 120 275 . Overloaded Moves . | . . . . . Propulsion Burnouts . | . . . . . Robots Hopped 1 | . . . 1 . Potential Cave-ins . | . . . . . Cave-ins Triggered . | . . . . . Exploration Rate (%) 38 | 3 79 39 66 3 Regions Visited 4 Branch Regions 2 Pre-discovered Areas 4 | . 2 1 1 . Known Exits Taken 3 | . 1 1 1 . Unknown Exits Taken 1 | 1 . . . . Scrap Searched . | . . . . . Spaces Dug . | . . . . . Terrain Destroyed 166 | . 1 25 116 24 Melee . | . . . . . Projectile . | . . . . . AOE 166 | . 1 25 116 24 Terrain Rammed . | . . . . . Walls Destroyed . | . . . . . Machines Disabled . | . . . . . Actions | -11 -10 -10 -9 -9 --------- Run | Yrd Mat Min Mat Min Total 1742 | 45 652 249 792 4 Wait 117 | 1 68 21 27 . Move 1428 | 39 533 201 655 . Hop 1 | . . . 1 . Pick Up 8 | . 5 . 3 . Fast Attach 22 | 5 3 . 14 . Attach 2 | . . 1 1 . Detach 3 | . 1 . 2 . Swap 21 | . 11 2 8 . Drop 11 | . 3 1 7 . Fire 123 | . 27 19 73 4 Melee . | . . . . . Ram 1 | . . . 1 . Kick 5 | . 1 4 . . Crush . | . . . . . Escape Stasis . | . . . . . Rewire . | . . . . . Trap . | . . . . . Miscellaneous . | . . . . . Route ------- -11/Scrapyard -10/Materials (discovered 4 exits: *Mat x3 / *Min) -10/Mines -9/Materials (discovered 3 exits: *Mat / *Min / *Sto) -9/Mines History --------- Turn | Location | Event 6 | -11/Scrapyard | Discovered new exit (range 16) 52 | -11/Scrapyard | Entered Materials 553 | -10/Materials | Build established: Mutant 597 | -10/Materials | Discovered new exit (range 12) 648 | -10/Materials | Discovered new exit (range 14) 726 | -10/Materials | Identified exit to Mines 726 | -10/Materials | Identified exit to Materials 829 | -10/Materials | Entered Mines 873 | -10/Mines | Met a Derelict bent on vengeance 901 | -10/Mines | Assembled infested the area 906 | -10/Mines | Assisted by a Guerilla fighting off Assembled 961 | -10/Mines | Core integrity fell below 50% 997 | -10/Mines | Learned location of Zion (-7) 1041 | -10/Mines | Lost 3 parts (1n2w) 1064 | -10/Mines | Discovered exit to Materials (range 2) 1150 | -10/Mines | Entered Materials 1150 | -9/Materials | Evolved 2 slots: Power x1, Weapon x1 1252 | -9/Materials | Discovered new exit (range 16) 1272 | -9/Materials | Identified exit to Storage 1355 | -9/Materials | Discovered new exit (range 16) 1378 | -9/Materials | Identified exit to Mines 1546 | -9/Materials | Core integrity fell below 50% 1566 | -9/Materials | Build established: Hacker-Mutant 1590 | -9/Materials | Lost 6 parts (1p2n3w) 1705 | -9/Materials | Core integrity fell below 20% 1724 | -9/Materials | Discovered new exit (range 14) 1728 | -9/Materials | Identified exit to Materials 1739 | -9/Materials | Lost 3 parts (1p2w) 1821 | -9/Materials | Entered Mines 1827 | -9/Mines | Destroyed self with Mini Grenade Launcher Last Messages --------------- 01779_ System corrupted: FCS attempts to trigger Mni. Grenade Launcher+. 01779_ System corrupted: Mni. Grenade Launcher+ misfires. 01779_ Terminal disabled. 01787_ K-01 Serf collects debris. 01813_ Acquired 48 matter. 01814_ Acquired 11 matter. 01814_ Acquired 41 matter. 01819_ K-01 Serf cleans the Repair Station. LOCATION=MINES GOAL=ESCAPE Something is scanning the area. 01821_ S-10 Pest destroyed. 01823_ VTOL Module+ destroyed. 01823_ Destroyed VTOL Module+. 01823_ S-10 Pest destroyed. 01823_ Destroyed Lgt. Ion Engine. 01825_ System corrupted: Mni. Grenade Launcher+ failed to launch. 01827_ Destroyed Lgt. Ion Engine. 01827_ Destroyed Flight Unit. 01827_ S-10 Pest destroyed. Map ----- +----------------------------------------------------+ | ?????????????????????????????????????????????????? | | ?????????????????????????????????????????????????? | | ?????????????????????????????????????????????????? | | ?????????????????????????????????????????????????? | | ?????????????????????????????????????????????????? | | ?????????????????????????????????????????????????? | | ?????????????????????????????????????????????????? | | ?????????????????????????????????????????????????? | | ?????????????????????????????????????????????????? | | ?????????????????????????????????????????????????? | | ?????????????????????????????????????????????????? | | ?????????????????????????????????????????????????? | | ?????????????????????????????????????????????????? | | ?????????????????????????????????????????????????? | | ?????????????????????????????????????????????????? | | ?????????????????????????????????????????????????? | | ?????????????????????????###?????????????????????? | | ????????????????????????# ##????????????????????? | | ???????????????????????? #????????????????????? | | ???????????????????????? ###?#????? ??????????? | | ???????????????????????? # #??? ??????????? | | ??????????????????????### ## ?????????? | | ??????????????????????# [ ??????????? | | ?????????????????????## ??????????????? | | ?????????????????????# %== #?????????????????? | | ?????????????????????# s @ #????????????????????? | | ?????????????????????# #????????????????????? | | ?????????????????????## ###????????????????????? | | ??????????????????????#####??????????????????????? | | ?????????????????????????????????????????????????? | | ?????????????????????????????????????????????????? | | ?????????????????????????????????????????????????? | | | | | | | | | | | | | | | | | | | | | | | | | | | | | | | | | | | | | +----------------------------------------------------+ Best States ------------- Heat Dissipation 28 Energy Generation 14 Energy Capacity 280 Matter Stores 300 Matter Capacity 300 Sight Range 16 Terrain Scan Density 10 Resistance: KI 20 Resistance: TH 20 Resistance: EX 20 Resistance: EM 20 Resistance: I 20 Resistance: S 20 Resistance: P 20 Evasion (%) 63 Offensive Hacking 20 Item Schematics ----------------- Lgt. Armor Plating | -9/Materials | Scanalyzed Robot Schematics ------------------ None Fabricated ------------ Nothing Repaired ---------- Nothing Studied --------- Lgt. EM Pulse Cannon | -9/Materials | Hacked Mni. Grenade Launcher | -9/Materials | Hacked VTOL Module | -9/Materials | Hacked Imp. Ion Engine | -9/Materials | Hacked Alien Tech Used ----------------- None Achievements -------------- A Problem For Future Me Sprinter Challenges ------------ None Game ------ Seed MissileHeartSaw Manual? 0 Play Time 00:29:51 Cumulative 198.6 hours Start 2025.12.26 @ 21:04:47 End 2025.12.26 @ 21:34:59 Sessions 1 Manual Loads 0 Difficulty Adventurer Special Mode None Game No. 53 Rogue 2 Adventurer 51 Explorer 0 Win Type - Total 2 Types 2/0/0/0/0/0/0/0/0/0 Lore% 38 Gallery% 58 Achievement% 39 Wizard Run 0 Options --------- Layout 0 ASCII 0 Keyboard 1 Movement Numpad Keybinds 1 Fullscreen 1 Font 24/Terminus Map View 76x50 Zoom Use 0% Tactical HUD 1 Map Filters NONE Filters NONE Steam 1 RUN: 3f4ee40f-515d-4888-9e16-d46f013193fe